 Dungeon Crawl Stone Soup version 0.26-a0-812-g31a745ddcd (webtiles) character file.

Game seed: 9601290801364713107

43976 Azzok the Severer (level 13, -20/129 HPs)
             Began as a Demonspawn Berserker on Nov 17, 2020.
             Was the Champion of Trog.
             Demolished by a dire elephant (25 damage)
             ... on level 6 of the Lair of Beasts.
             The game lasted 00:23:18 (15358 turns).

Azzok the Severer (Demonspawn Berserker)           Turns: 15358, Time: 00:23:18

Health: -20/129    AC: 14    Str: 26    XL:     13   Next: 93%
Magic:  13/13      EV: 10    Int:  8    God:    Trog [******]
Gold:   1091       SH:  0    Dex: 19    Spells: 12/12 levels left

rFire    . . .     SeeInvis .   b - +5 battleaxe (freeze)
rCold    . . .     Faith    .   (shield currently unavailable)
rNeg     . . .     Spirit   .   E - +0 plate armour
rPois    .         Reflect  .   C - +0 helmet of Repulsion {Str+3}
rElec    .         Harm     .   (no cloak)
rCorr    +         Rampage  .   I - +0 pair of gloves
MR       .....                  D - +0 pair of boots
Stlth    ..........             k - amulet of regeneration
HPRegen  1.71/turn              Q - ring of resist corrosion
MPRegen  0.13/turn              t - +6 ring of dexterity

@: berserking, very quick
A: claws 2, repulsion field 1, powered by death 2, spiny 2
a: Berserk, Trog's Hand, Brothers in Arms, Renounce Religion


You were on level 6 of the Lair of Beasts.
You worshipped Trog.
Trog was exalted by your worship.
You visited 2 branches of the dungeon, and saw 17 of its levels.

You collected 1309 gold pieces.
You spent 218 gold pieces at shops.

Inventory:

Hand Weapons
 a - a +2 battleaxe of flaming
 b - a +5 battleaxe of freezing (weapon)
Armour
 C - the +0 helmet of Repulsion (worn) {Str+3}
   (You found it on level 5 of the Dungeon)

   It affects your strength (+3).
 D - a +0 pair of boots (worn)
 E - a +0 plate armour (worn)
 I - a +0 pair of gloves (worn)
Jewellery
 h - an uncursed ring of see invisible
 k - an amulet of regeneration (around neck)
 t - a +6 ring of dexterity (right hand)
 x - an uncursed ring of fire
 y - a +6 ring of strength
 Q - a ring of resist corrosion (left hand)
 R - a +6 ring of intelligence {unknown}
Wands
 u - a wand of flame (60)
 A - a wand of disintegration (13)
 O - a wand of polymorph (9)
 P - a wand of digging (4)
Scrolls
 c - 5 scrolls of fog {unknown}
 d - 3 scrolls of fear {unknown}
 g - 2 scrolls of identify
 i - 8 scrolls of remove curse
 j - 3 scrolls of enchant weapon {unknown}
 n - 4 scrolls of enchant armour {unknown}
 o - 9 scrolls of amnesia
 r - 4 scrolls of teleportation
 v - a scroll of magic mapping {unknown}
 w - a scroll of torment {unknown}
 z - a scroll of acquirement {unknown}
 B - 2 scrolls of blinking
 J - a scroll of random uselessness {unknown}
 N - 5 scrolls of immolation
Potions
 e - a potion of ambrosia {unknown}
 f - 7 potions of heal wounds
 l - 9 potions of curing
 m - 2 potions of magic
 p - 2 potions of attraction
 q - 4 potions of lignification
 s - 2 potions of cancellation
 F - a potion of mutation {unknown}
 G - a potion of might
 H - a potion of flight
 M - 3 potions of haste
Miscellaneous
 K - a phantom mirror
 L - a phantom mirror


   Skills:
 - Level 3.0 Fighting
 + Level 20.4 Axes
 - Level 1.7 Armour
 - Level 1.7 Dodging


You had 12 spell levels left.
You didn't know any spells.
Your spell library was empty.

Dungeon Overview and Level Annotations

Branches:
Dungeon (11/15)            Temple (0/1) D:5            Lair (6/6) D:9
  Swamp (0/4) Lair:3       Shoals (0/4) Lair:3        Slime (0/5) Lair:6
    Orc (0/2) D:10

Altars:
Ashenzari
Dithmenos
Elyvilon
Fedhas
Nemelex Xobeh
Okawaru
Trog
Vehumet
Xom
Zin
The Shining One
Jiyva

Shops:
D:7 *[(:

Portals:
Abyss: D:5

Annotations:
D:5 2 transporters, HunterMK's ghost, weakling GnDe
D:7 3 runed translucent doors, Azzok's ghost, novice DsBe; azazuza's ghost, amateur DDFi; azazuza's ghost, novice DDFi; graki42's ghost, novice DECj; p0werm0de's ghost, amateur GrFi
D:9 3 runed translucent doors, qborf's ghost, novice DDNe


Innate Abilities, Weirdness & Mutations

You have very sharp fingernails.
You are surrounded by a mild repulsion field. (EV +2)
You regenerate health from kills.
You are mostly covered in sharp spines.


Message History

You hit the dire elephant. You freeze the dire elephant.
The dire elephant is struck by your spines.
The dire elephant tramples you!
* * * LOW HITPOINT WARNING * * *
You hold your ground!
The dire elephant trunk-slaps you but does no damage.
You slice the dire elephant!! You freeze the dire elephant.
You kill the dire elephant!
Trog accepts your kill.
You barely miss the dire elephant. The dire elephant tramples you!
* * * LOW HITPOINT WARNING * * *
You hold your ground!
The dire elephant trunk-slaps you.
* * * LOW HITPOINT WARNING * * *
You hit the dire elephant. You freeze the dire elephant.
The dire elephant is severely wounded.
You barely miss the dire elephant.
The dire elephant is severely wounded.
The dire elephant is struck by your spines.
The dire elephant tramples you!!
You die...

···▒·▒····♣ ▒·▒▒▒▒···▒
···▒▒·····♣▒▒·▒··'··▒▒
···▒······♣▒··▒Y·'·▒▒
··▒▒▒·····▒▒·▒▒··▒▒▒
·········▒▒▒·▒···▒
········♣▒···▒8·8▒
········▒▒·▒▒▒▒'▒▒
········▒··▒≈··†▒▒
····▒···▒·▒▒≈≈≈·@▒
(··▒▒···▒·▒≈≈≈≈Y†▒
···▒▒···▒·▒·≈≈≈≈≈▒
···▒▒▒P·▒·▒▒·≈≈≈▒▒
···▒▒···▒·▒▒▒▒''▒
P··▒▒·P·▒·8▒▒····
···▒▒P··'··8▒····▒
···▒▒▒··'·⌠·▒····▒
···▒▒▒··'··8▒?(?)▒


You could see 2 dire elephants.

Vanquished Creatures
  A dire elephant (Lair:6)
  6 hydras
  Harold (D:7)
  An anaconda (Lair:6)
  A boulder beetle (D:11)
  Pikel (D:7)
  An ugly thing (D:11)
  4 oklob plants (Lair:5)
  A cyclops (D:11)
  5 black mambas
  10 elephants
  A torpor snail (Lair:5)
  17 cane toads
  A rime drake (Lair:6)
  7 komodo dragons
  A troll (D:11)
  2 tyrant leeches (Lair:3)
  A polar bear (Lair:4)
  13 blink frogs
  Grinder (D:3)
  5 dream sheep (Lair:4)
  Sigmund (D:4)
  8 wyverns
  37 yaks
  2 basilisks
  2 swamp worms (Lair:3)
  19 water moccasins
  Duvessa (D:4)
  4 orc warriors
  5 sky beasts
  6 black bears
  An ice beast (D:9)
  7 ogres
  3 phantoms
  5 centaurs
  14 wolves
  2 lemures (D:7)
  2 gnoll sergeants
  16 bullfrogs
  A wyvern zombie (D:7)
  Dowan (D:4)
  A wyvern skeleton (D:8)
  3 scorpions
  12 killer bees
  12 wights
  An electric eel (D:6)
  8 howler monkeys
  2 centaur zombies
  A quasit (D:10)
  2 bullfrog zombies
  3 centaur skeletons
  8 hounds
  A jelly (D:9)
  A bullfrog skeleton (D:7)
  9 orc priests
  8 orc wizards
  Terence (D:2)
  4 iguanas
  8 worker ants
  2 killer bee zombies (D:7)
  A hound zombie (D:10)
  4 hound skeletons
  A worker ant zombie (D:5)
  7 adders
  19 gnolls
  2 shadow imps
  3 white imps
  4 ufetubi
  3 oozes
  3 adder skeletons
  2 adder zombies
  6 worms
  3 dart slugs
  A leopard gecko (D:3)
  48 orcs
  5 giant cockroaches
  6 goblins
  10 hobgoblins
  10 jackals
  9 kobolds
  A quokka (D:7)
  A ball python (D:1)
  7 bats
  9 frilled lizards
  A quokka skeleton (D:9)
  9 rats
480 creatures vanquished.

Vanquished Creatures (others)
  33 fungi
  41 plants
  5 toadstools (D:8)
79 creatures vanquished.

Grand Total: 559 creatures vanquished

Notes
Turn   | Place    | Note
-------+----------+-------------------------------------------
     0 | D:1      | Azzok the Demonspawn Berserker began the quest for the Orb.
     0 | D:1      | Reached XP level 1. HP: 18/18 MP: 1/1
    40 | D:1      | Reached skill level 3 in Axes
   269 | D:1      | Gained mutation: You are surrounded by a mild repulsion
                  | field. (EV +2) [demonic ancestry]
   269 | D:1      | Reached XP level 2. HP: 24/24 MP: 2/2
   662 | D:1      | Reached ** piety under Trog
   761 | D:1      | Reached XP level 3. HP: 29/29 MP: 3/3
  1105 | D:2      | Reached skill level 4 in Axes
  1710 | D:2      | Noticed Terence
  1721 | D:2      | Killed Terence
  1721 | D:2      | Reached XP level 4. HP: 35/35 MP: 4/4
  1864 | D:2      | Found a glowing silver altar of Zin.
  2108 | D:3      | Found a sparkling altar of Nemelex Xobeh.
  2236 | D:3      | Reached skill level 5 in Axes
  2276 | D:3      | Found a blossoming altar of Fedhas.
  2420 | D:3      | Gained mutation: You regenerate a little health from kills.
                  | [demonic ancestry]
  2420 | D:3      | Reached XP level 5. HP: 41/41 MP: 5/5
  2442 | D:3      | Noticed Grinder
  2473 | D:3      | Paralysed by Grinder for 5 turns
  2497 | D:3      | Paralysed by Grinder for 4 turns
  2521 | D:3      | Killed Grinder
  2521 | D:3      | Reached skill level 6 in Axes
  2521 | D:3      | Reached XP level 6. HP: 27/47 MP: 6/6
  2605 | D:3      | Noticed a moth of wrath
  2608 | D:3      | Found a bloodstained altar of Trog.
  2625 | D:3      | Reached *** piety under Trog
  2932 | D:4      | Noticed Dowan
  2932 | D:4      | Noticed Duvessa
  2953 | D:4      | Reached skill level 7 in Axes
  2960 | D:4      | Killed Duvessa
  2960 | D:4      | Reached XP level 7. HP: 27/52 MP: 7/7
  2964 | D:4      | Killed Dowan
  3013 | D:4      | Reached skill level 8 in Axes
  3264 | D:4      | Noticed Sigmund
  3276 | D:4      | Killed Sigmund
  3359 | D:4      | Reached skill level 9 in Axes
  3359 | D:4      | Gained mutation: You are partially covered in sharp spines.
                  | [demonic ancestry]
  3359 | D:4      | Reached XP level 8. HP: 58/58 MP: 8/8
  3762 | D:5      | Entered Level 5 of the Dungeon
  3763 | D:5      | Found an iron altar of Okawaru.
  3807 | D:5      | Found a staircase to the Ecumenical Temple.
  3830 | D:5      | Reached **** piety under Trog
  4048 | D:5      | Reached skill level 10 in Axes
  4522 | D:5      | Found a one-way gate to the infinite horrors of the Abyss.
  4522 | D:5      | Noticed HunterMK's ghost (weakling GnDe)
  4532 | D:5      | Found a transporter.
  4532 | D:5      | Identified the +1 dagger "Fuesk" {distort, MR+ Int+4
                  | Stlth+}
  4533 | D:5      | Found a transporter.
  5048 | D:5      | Got a spiked helmet
  5049 | D:5      | Identified the +0 helmet of Repulsion {Str+3} (You found it
                  | on level 5 of the Dungeon)
  5538 | D:6      | Reached skill level 11 in Axes
  5538 | D:6      | Gained mutation: You regenerate health from kills. [demonic
                  | ancestry]
  5538 | D:6      | Reached XP level 9. HP: 50/63 MP: 9/9
  6146 | D:7      | Found a runed translucent gate.
  6146 | D:7      | Noticed graki42's ghost (novice DECj)
  6147 | D:7      | Found a runed translucent gate.
  6147 | D:7      | Found a runed translucent gate.
  6147 | D:7      | Noticed azazuza's ghost (novice DDFi)
  6147 | D:7      | Noticed azazuza's ghost (amateur DDFi)
  6147 | D:7      | Noticed Azzok's ghost (novice DsBe)
  6147 | D:7      | Noticed p0werm0de's ghost (amateur GrFi)
  6273 | D:7      | Reached skill level 12 in Axes
  6373 | D:7      | Found a shadowy altar of Dithmenos.
  6376 | D:7      | Noticed Harold
  6376 | D:7      | Noticed Pikel
  6387 | D:7      | Killed Harold
  6391 | D:7      | Killed Pikel
  6391 | D:7      | Reached skill level 13 in Axes
  6391 | D:7      | Reached XP level 10. HP: 60/70 MP: 10/10
  6403 | D:7      | Reached ***** piety under Trog
  6451 | D:7      | Found Zoscheiwk's Antique Armour Emporium.
  6451 | D:7      | Found Juyxemom's Assorted Antiques.
  6454 | D:7      | Found Gemniq's Antique Weapon Emporium.
  6458 | D:7      | Found Lezydal's Book Emporium.
  6486 | D:7      | Bought a runed battleaxe for 218 gold pieces
  6594 | D:7      | Found a broken altar of Ashenzari.
  6884 | D:8      | Found a shimmering altar of Xom.
  7515 | D:9      | Received a gift from Trog
  7529 | D:9      | Found a radiant altar of Vehumet.
  7537 | D:9      | Reached skill level 14 in Axes
  7564 | D:9      | Found a staircase to the Lair.
  7564 | D:9      | Noticed an elephant
  7569 | D:9      | Killed an elephant
  7605 | D:9      | Found a shadowy altar of Dithmenos.
  7607 | D:9      | Found a white marble altar of Elyvilon.
  7609 | D:9      | Found a glowing golden altar of the Shining One.
  7756 | D:9      | Noticed qborf's ghost (novice DDNe)
  7882 | D:9      | Found a runed translucent gate.
  7882 | D:9      | Found a runed translucent gate.
  7882 | D:9      | Found a runed translucent gate.
  8293 | D:10     | Entered Level 10 of the Dungeon
  8307 | D:10     | Reached skill level 15 in Axes
  8307 | D:10     | Gained mutation: You are mostly covered in sharp spines.
                  | [demonic ancestry]
  8307 | D:10     | Reached XP level 11. HP: 31/75 MP: 11/11
  8391 | D:10     | Found a staircase to the Orcish Mines.
  8402 | D:10     | Received a gift from Trog
  9010 | D:11     | Noticed a boulder beetle
  9023 | D:11     | Killed a boulder beetle
  9350 | D:11     | Noticed a green ugly thing
  9360 | D:11     | Killed a green ugly thing
  9515 | D:11     | Reached skill level 16 in Axes
  9773 | Lair:1   | Entered Level 1 of the Lair of Beasts
  9878 | Lair:1   | Noticed a four-headed hydra
  9885 | Lair:1   | Killed a one-headed hydra
 10004 | Lair:1   | Noticed a six-headed hydra
 10016 | Lair:1   | Killed a three-headed hydra
 10016 | Lair:1   | Reached skill level 17 in Axes
 10016 | Lair:1   | Gained mutation: You have sharp fingernails. [demonic
                  | ancestry]
 10016 | Lair:1   | Reached XP level 12. HP: 55/81 MP: 12/12
 10241 | Lair:1   | Noticed a seven-headed hydra
 10257 | Lair:1   | Killed a three-headed hydra
 10742 | Lair:2   | Reached ****** piety under Trog
 10742 | Lair:2   | Received a gift from Trog
 10753 | Lair:2   | Got an encrusted battleaxe {god gift}
 10755 | Lair:2   | Identified the +3 battleaxe of Taohacw {vorpal, Dex+4}
                  | (Trog gifted it to you on level 2 of the Lair of Beasts)
 11492 | Lair:3   | Found a staircase to the Shoals.
 11497 | Lair:3   | Reached skill level 18 in Axes
 11749 | Lair:3   | Found a sparkling altar of Nemelex Xobeh.
 11778 | Lair:3   | Found a staircase to the Swamp.
 12319 | Lair:4   | Noticed an eight-headed hydra
 12326 | Lair:4   | Killed a six-headed hydra
 12380 | Lair:4   | Gained mutation: You have very sharp fingernails. [demonic
                  | ancestry]
 12380 | Lair:4   | Reached XP level 13. HP: 86/86 MP: 13/13
 12618 | Lair:4   | Reached skill level 19 in Axes
 13402 | Lair:5   | Identified the Handbook of Mutagenic Conjuration
 13619 | Lair:5   | Received a gift from Trog
 14288 | Lair:6   | Entered Level 6 of the Lair of Beasts
 14295 | Lair:6   | Reached skill level 20 in Axes
 14721 | Lair:6   | Found a staircase to the Slime Pits.
 14721 | Lair:6   | Found a viscous altar of Jiyva.
 15344 | Lair:6   | Noticed a dire elephant
 15344 | Lair:6   | Noticed a dire elephant
 15354 | Lair:6   | Noticed a dire elephant
 15356 | Lair:6   | Killed a dire elephant
 15356 | Lair:6   | HP: 4/129 [dire elephant (5)]
 15358 | Lair:6   | Demolished by a dire elephant

Illustrated notes

Levels and vault maps discovered:
D:1:      lightli_arrival_boilingwater, layout_rooms
D:2:      layout_loops_ring, zin_treasury, nicolae_underground_beach,
          uniq_terence
D:3:      layout_rooms, tgw_trog, nicolae_overflow_hidden_temple,
          marbit_many_paths, grunt_ministairs_11, uniq_grinder
D:4:      layout_loops_ring, uniq_sigmund, uniq_duvessa
D:5:      layout_basic, okawaru_gym_becter, minmay_temple_entry_junction,
          gammafunk_ghost_abyssal_escape, minmay_a_box_with_orc_wizards_in_it
D:6:      black_bear_nest_1, layout_cave_pods, minivault_4
D:7:      layout_loops_cross, ashenzari_conservatory_becter,
          gammafunk_ghost_cemetery, minivault_24, minmay_shop_grid_forest,
          nicolae_dithmenos_the_darkroom, uniq_pikel, uniq_harold
D:8:      layout_cave_pools, xom_teletrap_fun, minmay_gold_behind_fungi,
          minivault_1, minmay_quadrilaterals
D:9:      layout_irregular_city, vehumet_altar_wand_db,
          grunt_temple_overflow_open, david_lair_generic, gammafunk_ghost_icy,
          nicolae_sextant
D:10:     layout_gridville, orc_0_dummy
D:11:     layout_loops_ring
Lair:1:   layout_cave_pods, serial_bayou_shore_b, lemuel_fruit_fields
Lair:2:   layout_loops_ring, minivault_24
Lair:3:   layout_roguey, minmay_swamp_entry_worms, minmay_shoals_entry_centaurs,
          basic_altar
Lair:4:   layout_regular_city
Lair:5:   layout_small_grid, chequers_serial_rivers_room_a, st_stairs_6,
          serial_bayou_ford_a, beast_lair_carwin_7, grunt_megastairs_2,
          serial_bayou_shore_b, minmay_lair_oklob_chamber, lemuel_fruit_tree
Lair:6:   due_jungle_book, layout_long_grid, slime_altar_1

Skill      XL: |  1  2  3  4  5  6  7  8  9 10 11 12 13 |
---------------+----------------------------------------+-----
Axes           | 3 4 5 6 7 9 11 13 15 17 18 20 | 20.4
Fighting       | |  3.0
Armour         | |  1.7
Dodging        | |  1.7

Action                   |  1- 3 |  4- 6 |  7- 9 | 10-12 | 13-15 || total
-------------------------+-------+-------+-------+-------+-------++-------
Melee: Hand axe          |   125 |    50 |       |       |       ||   175
       War axe           |       |   101 |   285 |     9 |       ||   395
       Battleaxe         |       |       |       |   431 |   215 ||   646
Invok: Berserk           |     1 |     3 |     3 |     4 |     1 ||    12
       Trog's Hand       |       |     1 |       |     1 |     1 ||     3
Evoke: Wand              |       |       |     2 |       |       ||     2
  Use: Scroll            |       |       |     1 |    16 |       ||    17
Armor: Animal skin       |    27 |       |       |       |       ||    27
       Scale mail        |    16 |    38 |    69 |       |       ||   123
       Plate armour      |       |       |    46 |   232 |    77 ||   355
Dodge: Dodged            |   115 |    83 |   160 |   198 |    61 ||   617

Table legend: (Time is in decaauts)
 A = Elapsed time spent in this place.
 B = Non-inter-level travel time spent in this place.
 C = Inter-level travel time spent in this place.
 D = Time resting spent in this place.
 E = Time spent auto-exploring this place.
 F = Levels seen in this place.
 G = Mean time per level.
                   A        B        C        D        E       F      G
               +--------+--------+--------+--------+--------+-----+--------+
         Total |  15398 |  14615 |    783 |    989 |  10813 |  17 |  905.8 |
       Dungeon |   9904 |   9186 |    718 |    683 |   6476 |  11 |  900.4 |
          Lair |   5494 |   5430 |     64 |    305 |   4337 |   6 |  915.7 |
               +--------+--------+--------+--------+--------+-----+--------+

Top non-repeatable levels by time:
     D:1: 1189 daAuts
     D:6: 1177 daAuts
  Lair:5: 1162 daAuts
  Lair:6: 1042 daAuts
     D:2: 992 daAuts
     D:3: 985 daAuts
     D:5: 928 daAuts
  Lair:1: 927 daAuts
  Lair:3: 882 daAuts
     D:4: 880 daAuts
  Lair:4: 864 daAuts
    D:11: 848 daAuts
     D:9: 797 daAuts
     D:7: 791 daAuts
     D:8: 673 daAuts
